cohdb
Replays
Latest Replays
All Replays
Popular Replays
Top Player Replays
Match Explorer
How It Works
Community
CoH3 Stats
Reddit
Sign in to upload your games and track your stats! →
Sign in with Steam
Match 41826672
Unlisted
Match 41826672
Overview
Messages
Build Orders
End
Construct Barracks
Riflemen Squad
1⁄4-ton 4x4 Truck
Riflemen Squad
Construct Weapon Support Center
Engineer Squad
Infantry Support Center
Grenade Package
Bazooka Squad
Construct Medical Station
Selects Special Operations Battlegroup
Selects Smoke Screen
Selects SSF Commando Squad
SSF Commando Squad
Munitions Surplus
Smoke Screen
Selects Assault Operation
Selects M29 Weasel with M1 Pack Howitzer
Selects Mark Vehicle
Construct Motor Pool
Smoke Screen
SSF Commando Squad
M29 Weasel with M1 Pack Howitzer
Engineer Squad
Smoke Screen
Improved M9 Bazooka Rockets
Smoke Screen
Thanatos
سَۨفُـيٰانۨوٰس
0
0
Comments
sign in to comment!
No comments posted yet!